Map: Lost and Found LE

Players

TRUE

  • Race: Zerg Zerg
  • Spawn Location: 1:00

GOStephano (Stephano) - Winner!

  • Race: Zerg Zerg
  • Spawn Location: 7:00

Event: WCS Austin 2018

VOD

Have the link to the VOD?

Description

Time

  • Played on: June 1, 2018, 4:55 p.m.
  • Length: 14:53

All games in this series

Show
View Real Time Build Order
Export as new Build Order

TRUE Zerg 

Build Orders: Hatch First 

Get SALT Encoding   

  12  0:00  Drone  
  13  0:12  Overlord  
  13  0:16  Drone  
  14  0:31  Drone x2  
  14  0:35  Drone  
  17  0:51  Hatchery  
  17  0:55  Drone  
  17  1:08  Spawning Pool  
  17  1:09  Extractor  
  15  1:13  Drone  
  15  1:16  Drone  
  17  1:19  Drone  
  18  1:29  Drone  
  19  1:38  Overlord  
  19  1:52  Drone  
  20  1:54  Queen  
  20  2:00  Drone  
  23  2:03  Drone, Queen  
  26  2:10  Metabolic Boost  
  26  2:11  Drone  
  26  2:15  Drone  
  28  2:22  Zergling x2  
  29  2:26  Drone  
  30  2:35  Hatchery  
  29  2:43  Queen  
  31  2:49  Drone  
  32  2:52  Baneling Nest, Drone  
  32  2:55  Drone  
  33  3:01  Overlord  
  33  3:04  Drone x2  
  35  3:06  Drone  
  35  3:09  Overlord  
  35  3:17  Overlord  
  35  3:28  Zergling x2  
  35  3:30  Drone x4  
  40  3:39  Extractor  
  40  3:40  Drone  
  40  3:41  Drone, Roach Warren  
  39  3:43  Baneling  
  39  3:45  Overlord, Zergling x4  
  39  3:48  Overlord  
  42  3:52  Drone  
  42  3:54  Baneling  
  43  3:58  Drone x3  
  43  3:59  Drone  
  43  4:02  Overlord  
  47  4:07  Drone  
  48  4:11  Baneling  
  48  4:12  Baneling  
  48  4:22  Roach  
  48  4:23  Roach x5  
  60  4:26  Roach  
  60  4:29  Roach  
  60  4:30  Roach  
  66  4:36  Roach  
  68  4:41  Roach  
  72  4:45  Roach  
  70  4:58  Roach  
  70  5:03  Drone x3  
  70  5:04  Overlord  
  70  5:06  Drone  
  73  5:07  Drone  
  73  5:13  Drone x4  
  74  5:16  Drone  
  74  5:18  Drone  
  74  5:23  Drone x4  
  74  5:25  Drone x4  
  74  5:28  Overlord  
  82  5:34  Evolution Chamber  
  82  5:35  Overlord, Drone  
  82  5:42  Overlord  
  82  5:46  Lair  
  82  5:47  Drone x5, Extractor  
  86  5:50  Drone  
  86  5:53  Drone  
  86  5:55  Drone x2  
  86  5:57  Drone x4  
  91  5:58  Drone  
  91  6:00  Extractor  
  91  6:01  Drone  
  91  6:02  Ravager  
  96  6:04  Zerg Missile Weapons Level 1  
  96  6:06  Overlord  
  96  6:07  Extractor  
  92  6:11  Drone  
  92  6:12  Drone  
  92  6:13  Drone x2  
  92  6:15  Overlord  
  96  6:19  Roach x2  
  96  6:20  Extractor  
  96  6:25  Roach x4  
  107  6:26  Roach x2  
  107  6:28  Roach  
  107  6:30  Overlord  
  113  6:33  Overlord  
  113  6:38  Overlord  
  113  6:43  Hatchery, Glial Reconstitution  
  113  6:46  Overlord  
  112  6:47  Overseer  
  112  6:50  Roach  
  112  6:51  Roach  
  112  6:54  Roach x2  
  120  6:56  Roach  
  120  6:57  Roach  
  120  7:00  Roach  
  120  7:01  Roach  
  128  7:02  Roach  
  128  7:03  Overseer  
  128  7:05  Roach  
  128  7:08  Burrow  
  132  7:10  Roach  
  132  7:12  Roach  
  132  7:13  Roach  
  138  7:16  Overlord  
  138  7:18  Roach  
  138  7:20  Roach x2  
  138  7:22  Roach  
  146  7:28  Roach  
  142  7:30  Roach  
  142  7:31  Roach  
  142  7:32  Roach  
  142  7:33  Roach x2  
  142  7:34  Roach x2  
  142  7:35  Roach  
  136  7:38  Roach  
  136  7:40  Roach  
  120  7:44  Roach  
  120  7:46  Roach  
  120  7:49  Roach  
  105  7:51  Roach  
  105  7:54  Roach  
  105  7:58  Roach  
  99  8:02  Roach x2  
  97  8:09  Roach x2  
  97  8:10  Roach x2  
  97  8:12  Roach  
  99  8:14  Roach  
  99  8:17  Roach x4  
  97  8:20  Roach  
  97  8:21  Roach x2  
  97  8:23  Roach  
  97  8:24  Roach  
  97  8:27  Roach  
  105  8:29  Roach  
  105  8:31  Roach  
  105  8:33  Roach  
  105  8:34  Roach  
  105  8:37  Roach  
  105  8:38  Roach x6  
  105  8:40  Roach  
  105  8:42  Roach  
  105  8:50  Roach  
  105  8:53  Roach  
  105  8:54  Roach  
  107  9:00  Zerg Missile Weapons Level 2  
  107  9:02  Roach x2  
  109  9:04  Roach  
  109  9:05  Queen x2  
  109  9:08  Roach  
  117  9:10  Roach  
  117  9:12  Roach  
  117  9:15  Roach  
  125  9:17  Roach  
  125  9:19  Roach  
  125  9:21  Roach  
  129  9:26  Roach x2  
  129  9:31  Roach  
  129  9:38  Roach  
  129  9:39  Roach  
  129  9:40  Roach x2  
  129  9:42  Roach  
  138  9:52  Tunneling Claws  
  138  9:53  Roach x2  
  138  9:54  Roach  
  138  9:56  Roach  
  138  9:59  Overseer  
  146  10:00  Roach  
  146  10:02  Roach  
  146  10:06  Drone x2  
  153  10:07  Drone  
  153  10:11  Overlord  
  153  10:12  Overlord  
  153  10:19  Overlord  
  153  10:30  Roach x2  
  153  10:31  Hatchery  
  153  10:34  Ravager x4  
  160  10:36  Roach  
  160  10:38  Roach  
  160  10:40  Roach  
  168  10:42  Roach  
  168  10:45  Roach  
  168  10:48  Overseer  
  170  10:50  Overlord  
  170  10:51  Overlord  
  170  10:54  Overlord  
  170  11:01  Overlord  
  170  11:09  Roach x4  
  170  11:10  Roach  
  182  11:11  Roach  
  182  11:13  Roach  
  185  11:18  Ravager x3  
  185  11:22  Roach x15  
  185  11:24  Roach x7  
  187  11:26  Roach x5  
  187  11:29  Ravager  
  200  11:33  Roach  
  198  11:41  Roach x10  
  198  11:43  Roach  
  197  12:05  Roach  
  197  12:07  Roach  
  197  12:08  Roach x2  
  197  12:09  Roach  
  197  12:10  Roach  
  197  12:13  Roach x3  
  197  12:14  Roach  
  200  12:17  Roach  
  200  12:19  Roach  
  200  12:32  Roach  
  200  12:33  Roach  
  200  12:37  Roach x2  
  198  12:38  Roach  
  198  12:39  Roach  
  200  12:48  Hatchery, Roach  
  200  12:50  Roach x2  
  187  12:51  Roach  
  187  12:53  Roach  
  187  12:56  Roach  
  192  13:02  Roach  
  192  13:04  Roach  
  191  13:05  Drone x10  
  191  13:06  Roach  
  188  13:14  Roach x2  
  188  13:15  Roach x3  
  188  13:17  Roach  
  188  13:18  Roach x25, Pneumatized Carapace  
  188  13:19  Roach x9  
  193  13:24  Ravager x2  
  193  13:25  Roach x2  
  199  13:27  Roach x2  
  199  13:29  Hatchery, Roach x5  
  200  13:47  Roach x4  
  200  13:48  Roach  
  195  13:50  Roach  
  195  13:54  Roach x2  
  195  13:55  Roach  
  187  13:58  Roach x2  
  187  14:00  Roach  
  152  14:11  Roach  
  152  14:12  Roach  
  152  14:13  Roach  
  139  14:19  Roach x2  
  139  14:21  Roach x2  
  139  14:22  Roach  
  136  14:28  Roach  
  128  14:31  Roach x2  
  128  14:32  Roach  
Show
View Real Time Build Order
Export as new Build Order

GOStephano Zerg - Winner!

Build Orders: Hatch First 

Get SALT Encoding   

  12  0:00  Drone  
  13  0:13  Overlord  
  13  0:17  Drone  
  14  0:31  Drone x2  
  16  0:48  Hatchery  
  15  0:51  Drone  
  15  0:54  Drone  
  17  0:58  Drone  
  18  1:08  Extractor  
  17  1:12  Spawning Pool  
  17  1:16  Drone  
  17  1:19  Drone  
  18  1:28  Drone  
  19  1:40  Drone  
  20  1:50  Drone  
  21  1:59  Queen x2  
  21  2:00  Zergling x2  
  26  2:01  Overlord  
  26  2:06  Evolution Chamber  
  25  2:11  Drone x2  
  27  2:21  Drone  
  27  2:22  Drone  
  29  2:31  Zerg Ground Armor Level 1  
  29  2:34  Overlord  
  29  2:36  Drone  
  30  2:39  Queen  
  32  2:45  Drone  
  32  2:47  Drone  
  34  2:57  Drone  
  34  2:58  Drone  
  36  3:05  Metabolic Boost  
  36  3:07  Zergling x2  
  36  3:08  Zergling x8  
  41  3:14  Overlord  
  41  3:15  Drone x2  
  42  3:21  Overlord  
  42  3:26  Spine Crawler  
  41  3:33  Drone x3  
  44  3:44  Drone  
  44  3:47  Drone x2  
  44  3:48  Drone x2  
  49  3:51  Drone  
  50  4:00  Overlord  
  50  4:02  Hatchery  
  49  4:05  Zergling x6  
  49  4:08  Overlord  
  49  4:09  Overlord  
  52  4:15  Extractor  
  51  4:18  Drone x2, Roach Warren  
  52  4:26  Zergling x6  
  52  4:29  Zergling x4  
  57  4:31  Overlord  
  57  4:33  Zergling x4  
  57  4:37  Zerg Missile Weapons Level 1  
  59  4:39  Lair  
  59  4:44  Drone x2, Extractor  
  60  4:50  Drone  
  59  4:57  Drone x3  
  59  4:58  Drone  
  59  4:59  Drone x2  
  62  5:01  Zergling x2  
  62  5:05  Drone  
  62  5:09  Drone  
  61  5:18  Drone  
  61  5:19  Drone  
  60  5:22  Drone  
  61  5:29  Overlord x2  
  61  5:30  Overlord  
  61  5:39  Glial Reconstitution  
  61  5:42  Roach x3  
  66  5:45  Roach x5  
  66  5:46  Roach  
  78  5:51  Roach x2  
  78  5:56  Roach x4  
  89  6:06  Roach  
  89  6:07  Roach x2  
  94  6:12  Roach x6  
  94  6:17  Overlord x3  
  105  6:28  Overlord x2  
  105  6:34  Zerg Missile Weapons Level 2  
  105  6:36  Roach  
  109  6:40  Roach  
  109  6:42  Roach, Zergling x12  
  117  6:49  Roach x3  
  117  6:50  Zergling x8  
  127  6:57  Roach x2  
  131  7:01  Roach  
  131  7:05  Roach  
  135  7:08  Overlord  
  135  7:09  Roach x2  
  135  7:10  Zergling x2  
  135  7:12  Roach  
  142  7:16  Roach  
  146  7:22  Roach  
  138  7:30  Roach x4  
  138  7:32  Zergling x8  
  130  7:38  Roach x3  
  122  7:44  Roach x2  
  122  7:46  Zergling x2  
  122  7:49  Extractor  
  117  7:51  Roach x2  
  117  7:52  Zergling x12  
  119  7:59  Roach x2  
  119  8:03  Roach  
  117  8:11  Roach x3  
  115  8:16  Roach x2  
  115  8:17  Zergling x8  
  119  8:21  Extractor  
  119  8:23  Roach  
  119  8:24  Roach x2  
  117  8:27  Zergling x4  
  117  8:30  Extractor  
  117  8:31  Hatchery, Roach  
  113  8:39  Drone x4  
  111  8:45  Drone x5  
  108  8:50  Overseer  
  103  8:56  Roach x3  
  103  9:02  Roach x2  
  112  9:06  Roach  
  112  9:08  Queen  
  116  9:12  Roach x5  
  126  9:20  Roach x4  
  134  9:27  Burrow  
  134  9:35  Roach x2  
  134  9:36  Roach x2  
  136  9:41  Roach x2  
  136  9:44  Drone x3  
  136  9:45  Roach  
  143  9:50  Roach x3  
  149  9:55  Roach x2  
  153  10:01  Roach x3  
  159  10:08  Tunneling Claws  
  159  10:09  Overlord x2  
  159  10:13  Zerg Ground Armor Level 2  
  159  10:16  Ravager  
  159  10:17  Overlord  
  159  10:19  Extractor  
  159  10:20  Ravager  
  161  10:21  Overlord  
  161  10:27  Overlord  
  161  10:28  Drone x3  
  161  10:29  Drone  
  161  10:30  Ravager  
  161  10:31  Ravager x4  
  170  10:39  Roach x4  
  178  10:44  Roach x2  
  178  10:47  Roach x2  
  178  10:49  Ravager x2  
  188  10:51  Roach  
  188  10:53  Pneumatized Carapace  
  190  10:57  Overlord, Extractor  
  190  10:59  Drone x3  
  192  11:06  Overlord  
  192  11:08  Roach x3  
  198  11:18  Spine Crawler  
  198  11:20  Roach x9  
  197  11:27  Ravager x3  
  200  11:35  Overseer  
  196  11:44  Roach x2  
  200  11:49  Roach x5  
  200  11:53  Roach x2  
  200  11:57  Roach x2  
  188  12:02  Roach x7  
  188  12:05  Roach  
  188  12:06  Roach x3  
  188  12:07  Roach x3  
  188  12:08  Roach  
  197  12:12  Roach x2  
  198  12:16  Roach  
  198  12:19  Roach  
  191  12:23  Roach x5  
  197  12:31  Drone x4  
  197  12:32  Drone x3  
  197  12:35  Roach x13  
  192  12:38  Roach x4  
  200  12:51  Roach x6  
  188  13:02  Roach x7  
  192  13:27  Roach x5  
  192  13:28  Roach x3  
  192  13:29  Roach x2  
  192  13:30  Roach  
  192  13:31  Spine Crawler x2  
  192  13:33  Ravager x4  
  192  13:34  Roach x4, Ravager  
  197  13:35  Roach  
  197  13:36  Roach x5  
  197  13:46  Roach x9  
  193  13:48  Roach x3  
  193  13:49  Roach  
  193  13:51  Roach x11  
  193  13:52  Roach x7  
  193  13:54  Roach x3  
  197  13:57  Roach x3  
  197  14:01  Roach x3  
  195  14:06  Roach  
  195  14:09  Roach x5  
  178  14:10  Roach x2  
  178  14:11  Roach  
  178  14:12  Roach x7  
  178  14:16  Queen  
  173  14:19  Roach x6  
  173  14:23  Ravager x3  
  173  14:24  Roach x7, Ravager x2  
  177  14:28  Roach x2  
  177  14:29  Roach x3  
  177  14:30  Roach x2  
Tags
 
Add a new tag
Caveats
  • Supply blocks, unpowered buildings, or Contaminate may cause inaccurate times.
  • Supply counts are checked every 10 seconds.